 Dungeon Crawl Stone Soup version 0.32-a0-834-geaf45d8e21 (webtiles) character file.

Game seed: 8619146587063616774

8229 Esekla the Covert (level 11, -2/77 HPs)
             Began as an Octopode Delver on Mar 24, 2024.
             Was an Initiate of Gozag.
             Slain by a manticore (17 damage)
             ... on level 11 of the Dungeon on Mar 25, 2024.
             The game lasted 01:19:31 (14754 turns).

Esekla the Covert (Octopode Delver)                Turns: 14754, Time: 01:19:31

Health: -2/77      AC:  3    Str: 11    XL:     11   Next: 27%
Magic:  28/28      EV: 14    Int: 22    God:    Gozag
Gold:   913        SH:  4    Dex: 15    Spells: 17/21 levels left

rFire   . . .        s - +1 dagger (vamp)
rCold   . . .        e - +0 buckler
rNeg    . . .        I - +2 hat {Will+}
rPois   .            n - amulet of magic regeneration
rElec   .            p - +6 ring of intelligence
rCorr   .            u - ring of flight
SInv    .            d - ring of willpower
Will    ++...        y - ring of magical power
Stlth   ++++++       (no ring)
HPRegen 0.32/turn    (no ring)
MPRegen 0.61/turn    (no ring)
                     (no ring)

%: no passive effects
@: mighty, flying, studying Shields
A: almost no armour, amphibious, 8 rings, camouflage 1, gelatinous body 1,
(nimble swimmer 1), tentacles
a: Renounce Religion, Potion Petition, Call Merchant, Bribe Branch


You were on level 11 of the Dungeon.
You worshipped Gozag.
Gozag was pleased with you.
You visited 2 branches of the dungeon, and saw 12 of its levels.
You also visited: Sewer.

You collected 2173 gold pieces.
You spent 555 gold pieces at shops.
You paid 705 gold pieces to Gozag.

Inventory:

Hand Weapons
 a - a +0 scimitar
 r - a +0 trident
 s - a +1 vampiric dagger (weapon)
Missiles
 i - 15 poisoned darts (quivered)
 j - a boomerang
 E - 3 curare-tipped darts
Armour
 e - a +0 buckler (worn)
 I - a +2 hat of willpower (worn)
Jewellery
 d - a ring of willpower (on tentacle)
 n - an amulet of magic regeneration (around mantle)
 p - a +6 ring of intelligence (left tentacle)
 u - a ring of flight (right tentacle)
 y - a ring of magical power (on tentacle)
Wands
 f - a wand of digging (6)
 D - a wand of paralysis (18)
 G - a wand of roots (20)
 H - a wand of flame (46)
Scrolls
 b - 2 scrolls of fog
 c - a scroll of noise {unknown}
 g - a scroll of vulnerability {unknown}
 k - a scroll of silence
 m - a scroll of immolation {unknown}
 o - 2 scrolls of amnesia
 t - a scroll of summoning {unknown}
 F - a scroll of poison {unknown}
 L - a scroll of enchant weapon
Potions
 h - a potion of might
 l - 2 potions of enlightenment
 q - a potion of magic
 v - a potion of invisibility
 w - a potion of resistance
 x - 2 potions of ambrosia
 z - 3 potions of lignification
 A - a potion of mutation
 B - a potion of haste
 C - a potion of cancellation
 J - 2 potions of curing
 K - a potion of attraction


   Skills:
 * Level 8.1 Fighting
 + Level 3.2(5.5) Short Blades
 + Level 7.0(7.3) Long Blades
 + Level 3.1 Throwing
 * Level 7.0 Dodging
 + Level 11.4 Stealth
 * Level 5.8 Spellcasting
 * Level 2.2 Conjurations
 + Level 3.0 Necromancy
 + Level 3.2 Translocations
 + Level 3.1 Alchemy
 + Level 0.8 Evocations


You had 17 spell levels left.
You knew the following spells:

 Your Spells              Type           Power      Damage    Failure   Level
p - Apportation           Tloc           40%        N/A       3%          1
w - Fugue of the Fallen   Necr           19%        N/A       12%         3

Your spell library contained the following spells:

 Spells                   Type           Power      Damage    Failure   Level
 Necrotise                Necr           76%        1d7       3%          1
 Sting                    Conj/Alch      72%        1d7       4%          1
 Summon Small Mammal      Summ           24%        N/A       14%         1
 Ensorcelled Hibernation  Hex/Ice        12%        N/A       21%         2
 Anguish                  Hex/Necr       6%         N/A       58%         4
 Summon Forest            Summ/Tloc      6%         N/A       89%         5
 Summon Mana Viper        Hex/Summ       6%         N/A       98%         5
 Eringya's Noxious Bog    Alch           10%        4d6       99%         6
 Sculpt Simulacrum        Ice/Alch       6%         N/A       100%        6
 Summon Cactus Giant      Summ           3%         N/A       100%        6
 Ozocubu's Refrigeration  Ice            3%         4d8       100%        7
 Summon Hydra             Summ           3%         N/A       100%        7
 Polar Vortex             Ice            3%         N/A       100%        9


Dungeon Overview and Level Annotations

Branches:
Dungeon (11/15)            Temple (1/1) D:5           Sewer (visited)
   Lair: D:8-11         Orc: D:9-12

Altars:
Ashenzari
Cheibriados
Dithmenos
Elyvilon
Fedhas
Gozag
Hepliaklqana
Kikubaaqudgha
Makhleb
Nemelex Xobeh
Okawaru
Qazlal
Ru
Sif Muna
Trog
Uskayaw
Vehumet
Wu Jian
Xom
Yredelemnul
Zin
The Shining One

Shops:
D:4 :[*   D:7 =   D:10 ?

Annotations:
D:9 unseen horror
D:10 2 headed ogre


Innate Abilities, Weirdness & Mutations

You cannot wear most types of armour.
You are amphibious.
You can wear up to eight rings at the same time.
Your skin changes colour to match your surroundings (Stealth+).
Your rubbery body absorbs attacks. (AC +1, EV +1)
((You are camouflaged when in or above water. (Stealth+)))
You have tentacles for arms and can constrict up to eight enemies at once.


Message History

Yoink!
You pull the items towards yourself.
You hear a splash.
Casting: Apportation (safe; 3% risk of failure)
Confirm with . or Enter, or press ? or * to list all spells.
Aiming: Apportation (safe; 3% risk of failure)
Press: ? - help, Dir - move target, f - plant Apport: 14 gold pieces Yoink!
You pull the items towards yourself.
You hear a splash.
You now have 913 gold pieces (gained 14).
You reach down and open the door.
A manticore comes into view.
There is an open door here.
The manticore bites you!! The manticore claws you. The manticore misses you.
You hit the manticore but do no damage. You hit the manticore.
You feel better.
The manticore is lightly wounded.
The manticore barely misses you.
The manticore claws you but does no damage.
The manticore claws you.
You hit the manticore.
You feel better.
The manticore is lightly wounded.
The manticore bites you!! The manticore claws you.
The manticore closely misses you.
You hit the manticore. You squeeze the manticore!
The manticore is moderately wounded.
The manticore misses you. The manticore claws you.
* * * LOW HITPOINT WARNING * * *
You block the manticore's attack.
You feel very mighty all of a sudden. The manticore bites you.
* * * LOW HITPOINT WARNING * * *
The manticore claws you.
* * * LOW HITPOINT WARNING * * *
The manticore closely misses you.
You hit the manticore.
You feel better.
You squeeze the manticore!
The manticore is almost dead.
The manticore bites you!
You die...
Your body crumbles into a pile of gold.

#+# ##.# #..#
##+##### ##..##
#..H@..# ###....###
+......#####..P.....P
#......##.......♣....
#......'..#.♣...~♣~♣.
#......###....~♣~~~~P
#####+## #...~~~~~~♣.
#.P.♣~~♣~~.P #
##..P~~~♣..♣ #.
##.#..P....#


You could see a manticore.

Vanquished Creatures
  Pikel (D:7)
  Maggie (D:7)
  Psyche (D:8)
  3 trolls
  Sigmund (D:3)
  A shadow (D:9)
  A wyvern (D:9)
  12 yaks
  3 vampire mosquitoes (D:10)
  2 steam dragons
  4 water moccasins
  Pargi (Sewer)
  3 orc warriors
  A black bear (D:8)
  2 ice beasts
  An ogre (D:6)
  A centaur (D:5)
  2 phantoms
  4 kobold brigands
  4 bullfrogs
  A gnoll sergeant (D:10)
  2 scorpions
  8 wights
  4 killer bees
  5 howler monkeys
  2 electric eels (D:11)
  A hound (D:5)
  A bombardier beetle (D:4)
  Crazy Yiuf (D:3)
  3 orc priests
  2 jellies
  A sleepcap (D:6)
  Natasha (thrice) (D:3)
  An iguana (D:4)
  11 orc wizards
  5 gnolls
  5 adders
  3 white imps
  2 ufetubi (D:6)
  4 ribbon worms
  4 dart slugs
  38 orcs
  5 ball pythons
  11 endoplasms
  9 giant cockroaches
  5 goblins
  7 hobgoblins
  10 jackals
  4 quokkas
  5 bats
  3 frilled lizards
  15 kobolds
  3 rats
233 creatures vanquished.

Notes
Turn   | Place    | Note
-------+----------+-------------------------------------------
     0 | D:5      | Esekla the Octopode Delver began the quest for the Orb.
     0 | D:5      | Reached XP level 1. HP: 16/16 MP: 1/1
     6 | D:5      | Noticed a phantom
    28 | D:5      | Noticed a phantom
    35 | D:5      | Found a staircase to the Ecumenical Temple.
    43 | Temple   | Entered the Ecumenical Temple
    67 | D:5      | Noticed a scorpion
    76 | D:5      | Killed a scorpion
    77 | D:5      | Reached skill level 7 in Stealth
    77 | D:5      | Reached skill level 1 in Spellcasting
    77 | D:5      | Reached XP level 2. HP: 10/21 MP: 1/3
    77 | D:5      | Reached XP level 3. HP: 13/26 MP: 1/4
    77 | D:5      | Reached XP level 4. HP: 15/31 MP: 1/5
   189 | D:5      | Noticed a water moccasin
   200 | D:5      | Noticed a centaur
   310 | Temple   | Became a worshipper of Gozag Ym Sagoz the Greedy
   410 | D:5      | Noticed a scorpion
   911 | D:1      | Upgraded the game from 0.32-a0-818-gb728d0252e to
                  | 0.32-a0-834-geaf45d8e21
  1385 | D:1      | Reached skill level 8 in Stealth
  1385 | D:1      | Reached XP level 5. HP: 33/37 MP: 6/6
  1462 | D:1      | Found a faded altar of an unknown god.
  2164 | D:3      | Noticed Natasha
  2171 | D:3      | Killed Natasha
  2416 | D:3      | Noticed Sigmund
  2423 | D:3      | Killed Sigmund
  2424 | D:3      | Reached skill level 9 in Stealth
  2424 | D:3      | Reached XP level 6. HP: 43/43 MP: 7/9
  2516 | D:3      | Found a runed translucent door.
  2517 | D:3      | Noticed Crazy Yiuf
  2525 | D:3      | Killed Crazy Yiuf
  2586 | D:3      | Noticed Natasha
  2602 | D:3      | Killed Natasha
  2603 | D:3      | Reached XP level 7. HP: 41/48 MP: 10/10
  2880 | D:4      | Found Liugukke's General Store.
  2880 | D:4      | Found Bunt's Armour Shop.
  2880 | D:4      | Found Viprav Rac's Book Shop.
  2882 | D:4      | Bought a potion of lignification for 33 gold pieces
  2882 | D:4      | Bought 2 potions of curing for 66 gold pieces
  3065 | D:3      | Noticed Natasha
  3077 | D:3      | Killed Natasha
  4074 | D:5      | Found a glowing silver altar of Zin.
  4110 | D:5      | Reached skill level 10 in Stealth
  4110 | D:5      | Reached XP level 8. HP: 35/54 MP: 10/12
  4117 | D:5      | HP: 2/54 [centaur (3)]
  4376 | D:4      | Bought a book of Cantrips for 176 gold pieces
  4378 | D:4      | Learned a level 1 spell: Apportation
  4736 | D:5      | Reached skill level 5 in Fighting
  4912 | D:6      | Found a white marble altar of Elyvilon.
  4918 | D:6      | Found an iron altar of Okawaru.
  4971 | D:6      | Found a glowing drain.
  5011 | Sewer    | Entered a sewer
  5089 | Sewer    | Noticed Pargi
  5124 | Sewer    | Killed Pargi
  5232 | D:6      | Reached skill level 5 in Long Blades
  5462 | D:6      | Reached skill level 5 in Dodging
  5462 | D:6      | Reached XP level 9. HP: 41/62 MP: 12/14
  5715 | D:6      | Found an ornate altar of the Wu Jian Council.
  6001 | D:7      | Reached skill level 1 in Throwing
  6335 | D:7      | Reached skill level 1 in Translocations
  6595 | D:4      | Bought a +0 hat of willpower for 132 gold pieces
  6759 | D:7      | Reached skill level 1 in Short Blades
  6872 | D:8      | Noticed Maggie
  6946 | D:8      | Learned a level 3 spell: Fugue of the Fallen
  7454 | D:8      | Reached skill level 11 in Stealth
  7504 | D:8      | Reached skill level 1 in Necromancy
  7683 | D:8      | Noticed Psyche
  7697 | D:8      | Paralysed by something for 5 turns
  7701 | D:8      | HP: 3/63 [something (9)]
  7933 | D:7      | Killed Maggie
  8038 | D:7      | Reached XP level 10. HP: 53/69 MP: 16/16
  8333 | D:8      | Noticed Pikel
  8349 | D:7      | Killed Pikel
  8693 | D:8      | Reached skill level 5 in Spellcasting
  8824 | D:8      | Killed Psyche
 10394 | D:9      | Reached skill level 1 in Alchemy
 10827 | D:9      | Reached skill level 1 in Conjurations
 11290 | D:9      | Reached XP level 11. HP: 77/77 MP: 19/19
 11406 | D:9      | Found a radiant altar of Vehumet.
 11546 | D:10     | Entered Level 10 of the Dungeon
 11599 | D:10     | Noticed a two-headed ogre
 13567 | D:10     | Found Qyagehyrph's Magic Scroll Shoppe.
 13574 | D:10     | Bought a scroll of enchant weapon for 82 gold pieces
 13574 | D:10     | Bought a scroll of identify for 22 gold pieces
 13574 | D:10     | Bought a scroll of identify for 22 gold pieces
 13574 | D:10     | Bought a scroll of identify for 22 gold pieces
 14744 | D:11     | Noticed a manticore
 14754 | D:11     | Slain by a manticore

Illustrated notes

Levels and vault maps discovered:
D:1:      spicycebolla_green_bress_n_ham_2, layout_loops_ring,
          ebering_ecumenical_altar_hall
D:2:      layout_rooms, minmay_misc_feat_plants, minmay_tiny_reverse_x
D:3:      layout_rooms, palyth_stone_intersect, st_stairs_4,
          minmay_misc_feat_four_crosses, uniq_crazy_yiuf_cottage, uniq_sigmund,
          uniq_natasha
D:4:      layout_basic, st_stairs_4, nicolae_shop_distant_corner_stores
D:5:      layout_basic, marbit_many_paths, minmay_temple_entry_statues_fountains
D:6:      layout_rooms, nicolae_wu_jian_immortal_techniques,
          mainiacjoe_overflow_large_starburst, gup_sewer_entry_pipe,
          corexii_shack, minmay_manual_monstrance
D:7:      layout_loops_ring
D:8:      layout_loops_corners, uniq_maggie, uniq_psyche, uniq_pikel
D:9:      layout_cave_pods, mainiacjoe_overflow_24_doors
D:10:     layout_loops_ring, serial_shops, nicolae_square_shop
D:11:     layout_roguey, dpeg_lair_monsters, serial_bayou,
          serial_bayou_crossing, serial_bayou_pond_a, serial_bayou_pond_a,
          serial_bayou_lagoon_a, hellmonk_scale_shop, uniq_lodul
Temple:   minmay_temple_bridge_d

Skill      XL: |  1  2  3  4  5  6  7  8  9 10 11 |
---------------+----------------------------------+-----
Stealth        | 7 8 9 10 11 | 11.4
Spellcasting   | 1 2 3 4 5 |  5.8
Fighting       | 4 5 6 7 8 |  8.1
Dodging        | 3 4 5 6 7 |  7.0
Long Blades    | 4 5 6 7 |  7.0
Throwing       | 1 2 3 |  3.1
Translocations | 1 3 |  3.2
Short Blades   | 1 2 3 |  3.2
Necromancy     | 1 3 |  3.0
Alchemy        | 1 3 |  3.1
Conjurations   | 1 2 |  2.2
Evocations     | |  0.8

Action                     |  1- 3 |  4- 6 |  7- 9 | 10-12 || total
---------------------------+-------+-------+-------+-------++-------
  Melee: Falchion          |     7 |    71 |   120 |       ||   198
         Constrict         |     2 |    24 |    43 |    31 ||   100
         Tentacles         |     2 |    19 |    66 |    90 ||   177
         Dagger            |       |    37 |    43 |   253 ||   333
         Long sword        |       |       |    53 |       ||    53
         Scimitar          |       |       |    87 |    96 ||   183
  Throw: Dart              |       |     2 |    15 |    54 ||    71
         Boomerang         |       |       |    12 |     6 ||    18
   Cast: Apportation       |       |       |    17 |    42 ||    59
 Invoke: Call Merchant     |       |       |     1 |       ||     1
  Evoke: Wand              |       |       |       |     6 ||     6
    Use: Potion            |     1 |       |    10 |     7 ||    18
         Scroll            |     1 |       |    14 |    12 ||    27
   Stab: Sleeping          |       |    32 |    24 |     5 ||    61
         Distracted        |       |     3 |     2 |     1 ||     6
 Armour: Skin              |     2 |    29 |   184 |   233 ||   448
  Dodge: Dodged            |     5 |    38 |   155 |   232 ||   430
  Block: Buckler           |       |       |       |     1 ||     1

Table legend: (Time is in decaauts)
 A = Elapsed time spent in this place.
 B = Non-inter-level travel time spent in this place.
 C = Inter-level travel time spent in this place.
 D = Time resting spent in this place.
 E = Time spent auto-exploring this place.
 F = Levels seen in this place.
 G = Mean time per level.
                   A        B        C        D        E       F      G
               +--------+--------+--------+--------+--------+-----+--------+
         Total |  14689 |  13974 |    715 |   5052 |   2640 |  13 | 1129.9 |
       Dungeon |  14299 |  13727 |    572 |   4979 |   2640 |  11 | 1299.9 |
        Temple |    222 |     79 |    143 |     73 |      0 |   1 |  222.0 |
         Sewer |    167 |    167 |      0 |      0 |      0 |   1 |  167.0 |
               +--------+--------+--------+--------+--------+-----+--------+

Top non-repeatable levels by time:
     D:9: 3394 daAuts
     D:8: 2373 daAuts
     D:7: 1710 daAuts
     D:5: 1302 daAuts
     D:4: 1221 daAuts
     D:3: 1034 daAuts
    D:10: 976 daAuts
     D:6: 869 daAuts
     D:1: 759 daAuts
     D:2: 524 daAuts
  Temple: 222 daAuts
   Sewer: 167 daAuts
    D:11: 132 daAuts
